[Event "Kupreichik Memorial Rapid 2019"]
[Site "Minsk"]
[Date "2019.08.16"]
[Round "5.18"]
[White "Kolosovskaya, Olga"]
[Black "Kuleshov, Konstantin"]
[Result "0-1"]
[ECO "D78"]
[WhiteElo "1719"]
[BlackElo "2076"]
[Annotator "NA"]
[PlyCount "116"]
[EventDate "2019.08.15"]
[EventType "swiss"]
[EventCountry "BLR"]
[SourceTitle "playchess.com"]
[Source "ChessBase"]
[SourceQuality "1"]
[TimeControl "900+10"]

1. d4 Nf6 2. c4 g6 3. g3 d5 4. Nf3 Bg7 5. Bg2 O-O 6. O-O c6 7. Nc3 dxc4 8. e3 Nd5 9. Nd2 e5 10. Nxc4 exd4 11. exd4 Nb6 12. Ne5 N8d7 13. Nf3 Nf6 14. Bg5 h6 15. Be3 Kh7 16. Ne5 Nfd5 17. Qe2 Be6 18. Rad1 Qc7 19. Nf3 Nxc3 20. bxc3 Bc4 21. Qc2 Bxf1 22. Bxf1 Nd5 23. Bd2 Rfe8 24. Bd3 Rad8 25. h4 Kg8 26. Qc1 h5 27. Qc2 Nf6 28. Ne5 c5 29. Qb3 Rxe5 30. dxe5 Rxd3 31. exf6 Bxf6 32. Bf4 Rxd1+ 33. Qxd1 Qc6 34. c4 Bd4 35. Qe2 a6 36. g4 hxg4 37. Qxg4 Qe4 38. Qg3 Qf5 39. Kg2 b5 40. cxb5 axb5 41. Bh6 Kh7 42. Bg5 b4 43. Qf3 Qxf3+ 44. Kxf3 c4 45. Ke4 b3 46. axb3 cxb3 47. Kd3 f6 48. Bd2 Bxf2 49. Kc3 Bxh4 50. Kxb3 g5 51. Kc3 Kg6 52. Kd3 Kf5 53. Ke2 Kg4 54. Kf1 Kf3 55. Bb4 g4 56. Bc5 f5 57. Bf2 Bg5 58. Bc5 g3 0-1

[Event "Kupreichik Memorial Rapid 2019"]
[Site "Minsk"]
[Date "2019.08.16"]
[Round "5.21"]
[White "Talma, Sergei"]
[Black "Kochetkov, Vitali"]
[Result "0-1"]
[ECO "A45"]
[WhiteElo "1882"]
[BlackElo "2266"]
[Annotator "NA"]
[PlyCount "107"]
[EventDate "2019.08.15"]
[EventType "swiss"]
[EventCountry "BLR"]
[SourceTitle "playchess.com"]
[Source "ChessBase"]
[SourceQuality "1"]
[TimeControl "900+10"]

1. d4 Nf6 2. Nc3 d5 3. Bf4 e6 4. Nb5 Na6 5. e3 c6 6. Nc3 Bb4 7. Bxa6 bxa6 8. Nge2 Nh5 9. Be5 f6 10. Bg3 O-O 11. a3 Be7 12. Qd3 c5 13. dxc5 Bxc5 14. O-O-O Bb7 15. Bh4 g6 16. g4 Ng7 17. Rhg1 Rc8 18. f4 Qe8 19. Bf2 Qf7 20. f5 exf5 21. gxf5 g5 22. Nd4 Rfe8 23. h4 h6 24. Kb1 Bxd4 25. Qxd4 Nxf5 26. Qd3 Nd6 27. Nxd5 Ne4 28. Be1 Bxd5 29. Qxd5 Qxd5 30. Rxd5 Rcd8 31. Rxd8 Rxd8 32. Kc1 Kf7 33. hxg5 fxg5 34. Rg4 Re8 35. Kd1 Kg6 36. Ke2 h5 37. Rg1 Re6 38. b4 Rc6 39. Kd3 Nd6 40. e4 a5 41. e5 Nc4 42. Bc3 Nxa3 43. bxa5 Nb5 44. Bb4 h4 45. c4 Nc7 46. Bd2 Ne6 47. Ke4 Rxc4+ 48. Kd5 Rd4+ 49. Kxe6 Rxd2 50. Ke7 h3 51. e6 h2 52. Rh1 g4 53. Kf8 Rf2+ 54. Ke7 0-1

[Event "Kupreichik Memorial Rapid 2019"]
[Site "Minsk"]
[Date "2019.08.16"]
[Round "5.22"]
[White "Dvurechensky, Viacheslav"]
[Black "Kalinin, Dmitry"]
[Result "0-1"]
[ECO "C01"]
[WhiteElo "1840"]
[BlackElo "2119"]
[Annotator "NA"]
[PlyCount "55"]
[EventDate "2019.08.15"]
[EventType "swiss"]
[EventCountry "BLR"]
[SourceTitle "playchess.com"]
[Source "ChessBase"]
[SourceQuality "1"]
[TimeControl "900+10"]

1. e4 e6 2. d4 d5 3. exd5 exd5 4. Nf3 Nf6 5. Bd3 Bd6 6. h3 O-O 7. O-O Ne4 8. c4 c6 9. Nc3 Bf5 10. cxd5 Nxc3 11. bxc3 Bxd3 12. Qxd3 cxd5 13. Bg5 Qc8 14. Rfe1 a6 15. Re2 Nc6 16. Rae1 b5 17. Bc1 Qd7 18. Ne5 Nxe5 19. dxe5 Bc5 20. Be3 Qc6 21. Bxc5 Qxc5 22. Rd1 Rad8 23. Qd4 Qc6 24. f4 Rc8 25. Qxd5 Qxc3 26. e6 fxe6 27. Qxe6+ Kh8 28. Qxa6 0-1

[Event "Kupreichik Memorial Rapid 2019"]
[Site "Minsk"]
[Date "2019.08.16"]
[Round "5.23"]
[White "Zhukovskij, Viktor"]
[Black "Sadovnikov, Konstantin"]
[Result "1-0"]
[ECO "B30"]
[WhiteElo "2028"]
[BlackElo "1798"]
[Annotator "NA"]
[PlyCount "79"]
[EventDate "2019.08.15"]
[EventType "swiss"]
[EventCountry "BLR"]
[SourceTitle "playchess.com"]
[Source "ChessBase"]
[SourceQuality "1"]
[TimeControl "900+10"]

1. e4 c5 2. Nf3 Nc6 3. Bb5 e5 4. O-O Nge7 5. c3 g6 6. d4 cxd4 7. cxd4 exd4 8. Nxd4 Bg7 9. Nb3 O-O 10. Nc3 a6 11. Be2 d6 12. Bf4 Ne5 13. Qd2 Qc7 14. Rac1 N7c6 15. Rfd1 Be6 16. Nd5 Qd8 17. Bg5 f6 18. Be3 Nf7 19. Bb6 Qd7 20. Nc7 Rac8 21. Nxe6 Qxe6 22. f3 Bh6 23. Be3 Bxe3+ 24. Qxe3 Kg7 25. Bc4 Qe7 26. Qd2 Rfd8 27. Bd5 Nce5 28. Nd4 Rxc1 29. Ne6+ Kg8 30. Rxc1 Re8 31. Rc7 Nd7 32. f4 f5 33. Ng5 Rf8 34. Nxf7 Rxf7 35. Bxf7+ Qxf7 36. Qxd6 Qxa2 37. Rxd7 Qb1+ 38. Qd1 Qxb2 39. Qd5+ Kh8 40. Qd4+ 1-0

[Event "Kupreichik Memorial Rapid 2019"]
[Site "Minsk"]
[Date "2019.08.16"]
[Round "5.24"]
[White "Sarbay, Aleksandr"]
[Black "Tkachou, Viktar"]
[Result "1-0"]
[ECO "B01"]
[WhiteElo "2115"]
[BlackElo "1791"]
[Annotator "NA"]
[PlyCount "41"]
[EventDate "2019.08.15"]
[EventType "swiss"]
[EventCountry "BLR"]
[SourceTitle "playchess.com"]
[Source "ChessBase"]
[SourceQuality "1"]
[TimeControl "900+10"]

1. e4 d5 2. exd5 Qxd5 3. Nc3 Qa5 4. d4 Nf6 5. Nf3 Bg4 6. Bd2 Nc6 7. Bb5 O-O-O 8. Bxc6 bxc6 9. h3 Qh5 10. Qe2 Kb8 11. O-O-O Bxf3 12. gxf3 e6 13. Bf4 Bd6 14. Bxd6 Rxd6 15. Rd3 Rhd8 16. Rhd1 Nd5 17. Ne4 Nf4 18. Rb3+ Ka8 19. Qa6 Rb8 20. Nxd6 Rxb3 21. Qxc6+ 1-0

[Event "Kupreichik Memorial Rapid 2019"]
[Site "Minsk"]
[Date "2019.08.16"]
[Round "5.25"]
[White "Kharin, Mikhail"]
[Black "Zvereva, Margarita"]
[Result "1-0"]
[ECO "D00"]
[WhiteElo "2156"]
[BlackElo "1678"]
[Annotator "NA"]
[PlyCount "157"]
[EventDate "2019.08.15"]
[EventType "swiss"]
[EventCountry "BLR"]
[SourceTitle "playchess.com"]
[Source "ChessBase"]
[SourceQuality "1"]
[TimeControl "900+10"]

1. d4 d5 2. Nc3 Nf6 3. Bf4 c6 4. e3 e6 5. Nf3 Bd6 6. Ne5 O-O 7. Bd3 a6 8. g4 c5 9. g5 Ne8 10. dxc5 Bxe5 11. Bxe5 Qxg5 12. Bf4 Qg2 13. Rf1 Nf6 14. Qe2 Nc6 15. Bd6 Re8 16. O-O-O e5 17. Rg1 Qh3 18. Rg3 Qh4 19. Qf1 Nb4 20. Qg2 g6 21. a3 Nxd3+ 22. Rxd3 d4 23. Nd1 dxe3 24. Rdxe3 e4 25. Nc3 Bf5 26. Ne2 Nd5 27. Rb3 Qh6+ 28. Kb1 Qd2 29. Rge3 Nxe3 30. Rxe3 Qd1+ 31. Nc1 Rac8 32. Qg3 b6 33. Rc3 bxc5 34. Bxc5 Red8 35. Qe5 Qd5 36. Qf6 Qe6 37. Qg5 Rd5 38. Qe3 Rd1 39. b4 Qd5 40. Kb2 Qd2 41. Nb3 Qxe3 42. Rxe3 Rh1 43. Bd6 Rf1 44. Bg3 Rd1 45. Nc5 a5 46. Nb3 axb4 47. axb4 Rc6 48. Nc5 Rb6 49. c3 Rd2+ 50. Kb3 Be6+ 51. Nxe6 Rxe6 52. b5 Rd1 53. Bc7 Rb1+ 54. Kc4 f5 55. Kd5 Re8 56. b6 Kf7 57. c4 Kf6 58. c5 Kg5 59. Rg3+ Kf6 60. c6 g5 61. b7 Rd1+ 62. Kc4 f4 63. Rb3 Rc1+ 64. Kb5 e3 65. fxe3 fxe3 66. b8=Q Rxb8+ 67. Bxb8 e2 68. Bg3 e1=Q 69. Bxe1 Rxe1 70. Rc3 Re8 71. c7 Rc8 72. Kc6 h5 73. Rc5 h4 74. Kd7 Rxc7+ 75. Kxc7 g4 76. Kd6 g3 77. hxg3 hxg3 78. Rc3 g2 79. Rg3 1-0

[Event "Kupreichik Memorial Rapid 2019"]
[Site "Minsk"]
[Date "2019.08.16"]
[Round "5.26"]
[White "Stsepkina, Yauheniya"]
[Black "Svjatocho, Andrej"]
[Result "0-1"]
[ECO "A40"]
[WhiteElo "1537"]
[BlackElo "1995"]
[Annotator "NA"]
[PlyCount "134"]
[EventDate "2019.08.15"]
[EventType "swiss"]
[EventCountry "BLR"]
[SourceTitle "playchess.com"]
[Source "ChessBase"]
[SourceQuality "1"]
[TimeControl "900+10"]

1. d4 e6 2. c4 f5 3. Nf3 Nf6 4. g3 d5 5. Bg2 c6 6. O-O Bd6 7. b3 Qe7 8. Bb2 O-O 9. Nbd2 b6 10. Ne5 Bb7 11. Qc2 Nbd7 12. Ndf3 Rac8 13. Rfd1 Ne4 14. Nxd7 Qxd7 15. Ne5 Qe7 16. Rac1 Rfd8 17. e3 c5 18. Nf3 Rc7 19. Ba3 Rdc8 20. Nd2 Ba6 21. Bf1 cxd4 22. Bxd6 Nxd6 23. exd4 f4 24. Kg2 Qf6 25. Qb2 dxc4 26. bxc4 Bb7+ 27. f3 Nf5 28. Kf2 fxg3+ 29. hxg3 Nxd4 30. Qc3 Rf7 31. Bg2 Rcf8 32. Ne4 Bxe4 33. Qxd4 Bxf3 34. Qxf6 Bxd1 35. Qxf7+ Rxf7+ 36. Ke3 Rd7 37. Bd5 exd5 38. Rxd1 Re7+ 39. Kd4 dxc4 40. Kxc4 a6 41. Rd3 Rc7+ 42. Kb4 Rc6 43. a4 Kf7 44. Rd7+ Kf6 45. Ra7 b5 46. a5 h5 47. Rb7 Kf5 48. Rxg7 Rc4+ 49. Kb3 Ra4 50. Rf7+ Kg6 51. Rc7 Rxa5 52. Kb4 Ra4+ 53. Kb3 Rg4 54. Rc6+ Kf7 55. Rxa6 Rxg3+ 56. Kb4 Rg5 57. Rc6 h4 58. Rh6 Rg4+ 59. Kxb5 Kg7 60. Ra6 h3 61. Ra1 Kf6 62. Kc5 Ke5 63. Rf1 Rh4 64. Rh1 h2 65. Kb5 Ke4 66. Kc4 Kf3+ 67. Kd3 Kg2 {[%emt 0:00:02] Kd4} 0-1

[Event "Kupreichik Memorial Rapid 2019"]
[Site "Minsk"]
[Date "2019.08.16"]
[Round "5.27"]
[White "Kiryliuk, Ilya"]
[Black "Karlov, Egor"]
[Result "1-0"]
[ECO "C07"]
[WhiteElo "1948"]
[BlackElo "1728"]
[Annotator "NA"]
[PlyCount "59"]
[EventDate "2019.08.15"]
[EventType "swiss"]
[EventCountry "BLR"]
[SourceTitle "playchess.com"]
[Source "ChessBase"]
[SourceQuality "1"]
[TimeControl "900+10"]

1. e4 e6 2. d4 d5 3. Nd2 c5 4. exd5 Qxd5 5. Ngf3 cxd4 6. Bc4 Qd8 7. O-O Nf6 8. Nb3 Nc6 9. Qe2 Be7 10. Bf4 O-O 11. Rfd1 Qb6 12. Nfxd4 Nxd4 13. Rxd4 a5 14. a4 Rd8 15. Rxd8+ Bxd8 16. Be3 Qc7 17. Rd1 Be7 18. Bd4 Bd7 19. Be5 Qc8 20. Nd4 Bxa4 21. Nxe6 Bxc2 22. Rc1 Bb3 23. Nc7 Bxc4 24. Rxc4 b5 25. Rc2 b4 26. Nxa8 Qxa8 27. Bxf6 Bxf6 28. Qg4 Qe8 29. Rc8 Bd8 30. Qd1 1-0

[Event "Kupreichik Memorial Rapid 2019"]
[Site "Minsk"]
[Date "2019.08.16"]
[Round "5.29"]
[White "Tyurin, Artem"]
[Black "Yasiukovich, Sergei"]
[Result "1-0"]
[ECO "A21"]
[WhiteElo "2057"]
[BlackElo "1529"]
[Annotator "NA"]
[PlyCount "43"]
[EventDate "2019.08.15"]
[EventType "swiss"]
[EventCountry "BLR"]
[SourceTitle "playchess.com"]
[Source "ChessBase"]
[SourceQuality "1"]
[TimeControl "900+10"]

1. c4 e5 2. Nc3 b6 3. Nf3 Nc6 4. g3 Bb7 5. Bg2 Nd4 6. O-O Nxf3+ 7. exf3 Nf6 8. Re1 Be7 9. Rxe5 O-O 10. d4 d5 11. f4 c6 12. cxd5 Nxd5 13. Nxd5 cxd5 14. b3 Bf6 15. Re3 Qd7 16. Bb2 Rfd8 17. Qd2 g6 18. Rae1 Rac8 19. Ba3 Qf5 20. Bf1 Rc2 21. Re8+ Kg7 22. Bf8+ 1-0

[Event "Kupreichik Memorial Rapid 2019"]
[Site "Minsk"]
[Date "2019.08.16"]
[Round "5.30"]
[White "Spizharny, Mikhail"]
[Black "Shaban, Aliaksandra"]
[Result "1-0"]
[ECO "B12"]
[WhiteElo "2079"]
[BlackElo "1734"]
[Annotator "NA"]
[PlyCount "95"]
[EventDate "2019.08.15"]
[EventType "swiss"]
[EventCountry "BLR"]
[SourceTitle "playchess.com"]
[Source "ChessBase"]
[SourceQuality "1"]
[TimeControl "900+10"]

1. e4 c6 2. d4 d5 3. e5 Bf5 4. h4 h5 5. c4 e6 6. Nc3 dxc4 7. Bxc4 Nd7 8. Nge2 Nb6 9. Bb3 Ne7 10. Bg5 Qd7 11. Ng3 Bg6 12. Qd2 Nf5 13. Nce2 Nd5 14. a3 Be7 15. Nxf5 Bxf5 16. Bxd5 exd5 17. Rc1 Bg6 18. O-O O-O 19. Ng3 Rae8 20. Rc3 f6 21. exf6 Bxf6 22. Bxf6 Rxf6 23. Re1 Bf7 24. f3 Rxe1+ 25. Qxe1 g6 26. Re3 Re6 27. Nh1 Qe7 28. Rxe6 Qxe6 29. Qxe6 Bxe6 30. Kf2 Kg7 31. Ke3 Kf7 32. Nf2 b6 33. b4 Bf5 34. Kf4 Kf6 35. Nd1 Bd3 36. Ne3 Bb1 37. b5 cxb5 38. Nxd5+ Ke6 39. Nc7+ Kd7 40. Nxb5 a6 41. Nc3 Bd3 42. Ke5 b5 43. d5 Bf1 44. g4 hxg4 45. fxg4 Bd3 46. h5 gxh5 47. gxh5 Bc2 48. Ne4 1-0

[Event "Kupreichik Memorial Rapid 2019"]
[Site "Minsk"]
[Date "2019.08.16"]
[Round "5.31"]
[White "Kasperovich, Mikhail"]
[Black "Stanishevskij, Aleksandr"]
[Result "1-0"]
[ECO "A46"]
[WhiteElo "1324"]
[BlackElo "1830"]
[Annotator "NA"]
[PlyCount "123"]
[EventDate "2019.08.15"]
[EventType "swiss"]
[EventCountry "BLR"]
[SourceTitle "playchess.com"]
[Source "ChessBase"]
[SourceQuality "1"]
[TimeControl "900+10"]

1. d4 Nf6 2. Nf3 c5 3. e3 g6 4. g3 Bg7 5. Bg2 O-O 6. O-O d6 7. c4 Nc6 8. d5 Nb8 9. Nc3 a6 10. e4 Nbd7 11. Nh4 Rb8 12. Qe2 Qa5 13. Bd2 b5 14. Nxb5 Qb6 15. Nc3 Qxb2 16. Rab1 Qa3 17. Rxb8 Nxb8 18. Rb1 Nbd7 19. Rb3 Qa5 20. f4 Ne8 21. Nf3 Qc7 22. Na4 e5 23. fxe5 Nxe5 24. Nxe5 Bxe5 25. Bc3 Qe7 26. Bxe5 Qxe5 27. Qb2 Qg5 28. Nb6 Ng7 29. Nxc8 Rxc8 30. Rf3 Re8 31. Rf6 Qe3+ 32. Qf2 Qc1+ 33. Bf1 Rxe4 34. Rxf7 h6 35. Rf6 Kh7 36. Rxd6 Rxc4 37. Rc6 Nf5 38. d6 Rd4 39. d7 Rxd7 40. Rxc5 Qe3 41. Qxe3 Nxe3 42. Bxa6 Ra7 43. Rc6 Kg7 44. a4 Nd5 45. Bb5 Ra5 46. Kf2 Ne7 47. Ra6 Rxa6 48. Bxa6 Kf6 49. Bb5 Ke5 50. Ke3 Nd5+ 51. Kd3 g5 52. a5 Nc7 53. Bc4 Kd6 54. Kd4 Ne8 55. a6 Kc7 56. a7 Kb7 57. Ke5 Kxa7 58. Bf7 Nc7 59. Kf5 Kb6 60. Kg6 Kc5 61. Kxh6 g4 62. Kg5 1-0

[Event "Kupreichik Memorial Rapid 2019"]
[Site "Minsk"]
[Date "2019.08.16"]
[Round "5.33"]
[White "Tarasionak, Arseni"]
[Black "Arlou, Valery"]
[Result "0-1"]
[ECO "E62"]
[WhiteElo "1209"]
[BlackElo "1759"]
[Annotator "NA"]
[PlyCount "46"]
[EventDate "2019.08.15"]
[EventType "swiss"]
[EventCountry "BLR"]
[SourceTitle "playchess.com"]
[Source "ChessBase"]
[SourceQuality "1"]
[TimeControl "900+10"]

1. d4 g6 2. c4 Bg7 3. Nf3 d6 4. Nc3 Nf6 5. g3 O-O 6. Bg2 c6 7. O-O a5 8. h3 Na6 9. e4 Qc7 10. Qe2 e5 11. d5 Bd7 12. Bg5 Rfe8 13. Rac1 h6 14. Bxf6 Bxf6 15. h4 h5 16. Ng5 Qd8 17. f4 exf4 18. gxf4 Bg4 19. Qf2 Rf8 20. Ne2 Nc5 21. Nd4 Nd3 22. Qe3 Nxc1 23. dxc6 Bxd4 0-1

[Event "Kupreichik Memorial Rapid 2019"]
[Site "Minsk"]
[Date "2019.08.16"]
[Round "5.34"]
[White "Rataika, Mikalai"]
[Black "Karmishyn, Vadzim"]
[Result "1-0"]
[ECO "A41"]
[WhiteElo "1920"]
[BlackElo "1494"]
[Annotator "NA"]
[PlyCount "45"]
[EventDate "2019.08.15"]
[EventType "swiss"]
[EventCountry "BLR"]
[SourceTitle "playchess.com"]
[Source "ChessBase"]
[SourceQuality "1"]
[TimeControl "900+10"]

1. d4 d6 2. Nf3 g6 3. e4 Bg7 4. Bc4 Nf6 5. Nc3 O-O 6. O-O Nbd7 7. e5 dxe5 8. dxe5 Ng4 9. Bxf7+ Rxf7 10. Ng5 Ngxe5 11. f4 c6 12. fxe5 Qb6+ 13. Kh1 Rxf1+ 14. Qxf1 Nxe5 15. Bf4 Ng4 16. Qc4+ e6 17. Nce4 Qxb2 18. Rd1 Ne5 19. Rd8+ Bf8 20. Qf1 Ng4 21. Rxf8+ Kg7 22. Rf7+ Kg8 23. Bd6 1-0

[Event "Kupreichik Memorial Rapid 2019"]
[Site "Minsk"]
[Date "2019.08.16"]
[Round "5.35"]
[White "Shakhadanau, Henadzi"]
[Black "Makarau, Yauheni"]
[Result "1/2-1/2"]
[ECO "B01"]
[WhiteElo "1868"]
[BlackElo "1459"]
[Annotator "NA"]
[PlyCount "67"]
[EventDate "2019.08.15"]
[EventType "swiss"]
[EventCountry "BLR"]
[SourceTitle "playchess.com"]
[Source "ChessBase"]
[SourceQuality "1"]
[TimeControl "900+10"]

1. e4 d5 2. exd5 Qxd5 3. Nc3 Qa5 4. d4 Nf6 5. Nf3 Bg4 6. Be2 Nc6 7. h3 Bxf3 8. Bxf3 O-O-O 9. Bxc6 bxc6 10. O-O e5 11. Ne2 exd4 12. Bd2 Qb6 13. Bg5 c5 14. Qd3 h6 15. Bxf6 Qxf6 16. a3 Qc6 17. Qc4 Qd5 18. Qa6+ Qb7 19. Qc4 Qd5 20. Qa6+ Qb7 21. Qd3 Qc6 22. b3 Bd6 23. Qc4 Qe8 24. Rfe1 Qd7 25. b4 Qf5 26. Qa6+ Kb8 27. bxc5 Bxc5 28. Qb5+ Kc8 29. Rab1 d3 30. Qb7+ Kd7 31. Qb5+ Kc8 32. Qb7+ Kd7 33. Qb5+ Kc8 34. Qb7+ 1/2-1/2

[Event "Kupreichik Memorial Rapid 2019"]
[Site "Minsk"]
[Date "2019.08.16"]
[Round "5.36"]
[White "Kashtelyan, Valentin"]
[Black "Ustiugov, Boris"]
[Result "1/2-1/2"]
[ECO "B53"]
[WhiteElo "1488"]
[BlackElo "1567"]
[Annotator "NA"]
[PlyCount "194"]
[EventDate "2019.08.15"]
[EventType "swiss"]
[EventCountry "BLR"]
[SourceTitle "playchess.com"]
[Source "ChessBase"]
[SourceQuality "1"]
[TimeControl "900+10"]

1. e4 c5 2. Nf3 d6 3. d4 cxd4 4. Qxd4 Nc6 5. Bb5 Bd7 6. Bxc6 Bxc6 7. Nc3 e6 8. Bg5 Nf6 9. Bxf6 gxf6 10. O-O-O Be7 11. g3 Qa5 12. Kb1 O-O-O 13. Rhe1 Kb8 14. Nd2 Rd7 15. f4 Rhd8 16. Nb3 Qc7 17. Qe3 Rc8 18. Rc1 b6 19. Nd4 Bb7 20. Red1 Qc5 21. Qe2 a6 22. f5 e5 23. Nb3 Qc4 24. Qe3 Qc7 25. Nd5 Bxd5 26. Rxd5 Qb7 27. Rcd1 Rc4 28. c3 Rdc7 29. Nd2 R4c6 30. Qh6 Qc8 31. Rc1 Qg8 32. Qe3 Kb7 33. Nb3 Qg5 34. Qe2 h5 35. h4 Qg4 36. Qxg4 hxg4 37. Nd2 b5 38. Nb3 Kb6 39. Rd3 Bf8 40. Rcd1 Rd7 41. Nd2 a5 42. Nf1 Rc4 43. Nd2 Rc6 44. Nf1 Rc4 45. Nd2 Rc6 46. Nf1 Bh6 47. b3 Kc7 48. Kb2 Kd8 49. Nh2 Ke7 50. Nxg4 Bg7 51. h5 Rd8 52. h6 Bh8 53. Ne3 Rg8 54. R1d2 Rg5 55. g4 Rg8 56. Rd5 Rb6 57. Rc2 Rc8 58. Rd1 Rbc6 59. Rg1 b4 60. Nd5+ Kd7 61. c4 a4 62. bxa4 Ra6 63. Kb3 Rca8 64. Nxb4 Rxa4 65. Rc3 Ra3+ 66. Kb2 Rxc3 67. Kxc3 Ra3+ 68. Kc2 Re3 69. g5 fxg5 70. Rxg5 Rxe4 71. Kd3 Rh4 72. Nd5 Rxh6 73. Rg1 Rh3+ 74. Ke4 Rh4+ 75. Kd3 Rd4+ 76. Kc3 Rh4 77. f6 Rh6 78. Rf1 Rh3+ 79. Kb4 Kc6 80. a4 Rh2 81. Ne7+ Kb7 82. Rb1 Bxf6 83. Nd5 Bg5 84. Kb5 Bd8 85. a5 Rd2 86. a6+ Ka7 87. Kc6 Rc2 88. Rb4 f5 89. Kxd6 f4 90. Rb7+ Ka8 91. Rf7 Rxc4 92. Rf8 Ka7 93. Rxd8 f3 94. Rf8 Kxa6 95. Kxe5 Kb5 96. Rxf3 Kc5 97. Rc3 Rxc3 1/2-1/2

[Event "Kupreichik Memorial Rapid 2019"]
[Site "Minsk"]
[Date "2019.08.16"]
[Round "5.37"]
[White "Nikolaev, Dmitry"]
[Black "Harbuz, Yaraslau"]
[Result "1-0"]
[ECO "A04"]
[WhiteElo "1677"]
[BlackElo "1359"]
[Annotator "NA"]
[PlyCount "73"]
[EventDate "2019.08.15"]
[EventType "swiss"]
[EventCountry "BLR"]
[SourceTitle "playchess.com"]
[Source "ChessBase"]
[SourceQuality "1"]
[TimeControl "900+10"]

1. Nf3 f5 2. c4 Nf6 3. g3 g6 4. b3 Bg7 5. Bb2 O-O 6. Bg2 c6 7. O-O d6 8. d4 Nbd7 9. Nbd2 Qc7 10. Ng5 Nb6 11. e4 h6 12. Nh3 fxe4 13. Nf4 Bf5 14. Rc1 e5 15. dxe5 dxe5 16. Ne2 Rad8 17. Nc3 h5 18. Qe1 Bh6 19. Rd1 e3 20. fxe3 Rd3 21. e4 Re3 22. Qf2 Bg4 23. Rde1 Rd3 24. Ndb1 Nxe4 25. Qc2 Nc5 26. Rxf8+ Kxf8 27. Ba3 Qd6 28. Qf2+ Kg7 29. Bxc5 Qe6 30. Bf8+ Kh7 31. Bxh6 Kxh6 32. Ne4 Qd7 33. Nf6 Qd8 34. Nxg4+ hxg4 35. Rxe5 Rd1+ 36. Re1 Rd2 37. Nxd2 1-0

[Event "Kupreichik Memorial Rapid 2019"]
[Site "Minsk"]
[Date "2019.08.16"]
[Round "5.39"]
[White "Novik, Nikita"]
[Black "Strizhnev, Ivan"]
[Result "0-1"]
[ECO "B50"]
[WhiteElo "1355"]
[BlackElo "1394"]
[Annotator "NA"]
[PlyCount "88"]
[EventDate "2019.08.15"]
[EventType "swiss"]
[EventCountry "BLR"]
[SourceTitle "playchess.com"]
[Source "ChessBase"]
[SourceQuality "1"]
[TimeControl "900+10"]

1. e4 c5 2. Nf3 d6 3. Nc3 Nf6 4. d3 g6 5. g3 Bg7 6. Bg2 Nc6 7. Be3 O-O 8. Qd2 Ng4 9. h3 Nxe3 10. Qxe3 Nd4 11. Qd2 Bd7 12. Nxd4 cxd4 13. Ne2 Rc8 14. c3 dxc3 15. Nxc3 Qa5 16. Rc1 Rc7 17. O-O Rfc8 18. d4 Rc4 19. e5 dxe5 20. dxe5 Rd8 21. Qe2 Rd4 22. f4 Qb6 23. Kh2 Bc6 24. Bxc6 Rd2 25. Bf3 Rxe2+ 26. Nxe2 Qxb2 27. Rb1 Qxa2 28. Rxb7 Rd2 29. Rb8+ Bf8 30. Re1 e6 31. h4 Kg7 32. Kh3 Bc5 33. Rbb1 Bf2 34. Ra1 Bxe1 35. Rxa2 Rxa2 36. h5 a5 37. g4 gxh5 38. gxh5 a4 39. Nd4 Rd2 40. Nb5 a3 41. Nxa3 Rd3 42. Nc4 Rxf3+ 43. Kg4 Rg3+ 44. Kh4 Rc3+ 0-1

[Event "Kupreichik Memorial Rapid 2019"]
[Site "Minsk"]
[Date "2019.08.16"]
[Round "6.1"]
[White "Tiviakov, Sergei"]
[Black "Safarli, Eltaj"]
[Result "1/2-1/2"]
[ECO "C54"]
[WhiteElo "2611"]
[BlackElo "2593"]
[Annotator "ChessBase"]
[PlyCount "34"]
[EventDate "2019.08.15"]
[EventType "swiss"]
[EventCountry "BLR"]
[SourceTitle "playchess.com"]
[Source "ChessBase"]
[SourceQuality "1"]
[TimeControl "900+10"]

1. e4 e5 2. Nf3 Nc6 3. Bc4 Bc5 4. c3 Nf6 5. d3 h6 6. Bb3 d6 7. Nbd2 Be6 8. h3 O-O 9. Nf1 d5 10. Qe2 Na5 11. Bxd5 Bxd5 12. exd5 Nxd5 13. Ng3 Nc6 14. O-O Re8 15. Qe4 Nf6 16. Qe2 Nd5 17. Qe4 Nf6 1/2-1/2

[Event "Kupreichik Memorial Rapid 2019"]
[Site "Minsk"]
[Date "2019.08.16"]
[Round "6.2"]
[White "Zhigalko, Sergei"]
[Black "Aleksandrov, Aleksej"]
[Result "1/2-1/2"]
[ECO "C50"]
[WhiteElo "2574"]
[BlackElo "2571"]
[Annotator "ChessBase"]
[PlyCount "60"]
[EventDate "2019.08.15"]
[EventType "swiss"]
[EventCountry "BLR"]
[SourceTitle "playchess.com"]
[Source "ChessBase"]
[SourceQuality "1"]
[TimeControl "900+10"]

1. e4 e5 2. Nf3 Nc6 3. Bc4 Bc5 4. O-O Nf6 5. d3 d6 6. c3 h6 7. Re1 O-O 8. Nbd2 a6 9. Bb3 Be6 10. Nf1 Bxb3 11. Qxb3 Re8 12. Be3 Bxe3 13. Nxe3 Qd7 14. Rad1 b5 15. h3 Rad8 16. Rd2 Ne7 17. Nf1 Ng6 18. Ng3 d5 19. d4 exd4 20. Rxd4 c5 21. Rdd1 Qc6 22. exd5 Rxe1+ 23. Nxe1 Rxd5 24. Rxd5 Nxd5 25. Qc2 Nf6 26. Qf5 Qd6 27. Nf3 Qd1+ 28. Kh2 Qd6 29. Kg1 Qd1+ 30. Kh2 Qd6 1/2-1/2

[Event "Kupreichik Memorial Rapid 2019"]
[Site "Minsk"]
[Date "2019.08.16"]
[Round "6.3"]
[White "Zhukova, Natalia"]
[Black "Dydyshko, Viacheslav"]
[Result "1-0"]
[ECO "E77"]
[WhiteElo "2333"]
[BlackElo "2506"]
[Annotator "ChessBase"]
[PlyCount "63"]
[EventDate "2019.08.15"]
[EventType "swiss"]
[EventCountry "BLR"]
[SourceTitle "playchess.com"]
[Source "ChessBase"]
[SourceQuality "1"]
[TimeControl "900+10"]

1. c4 Nf6 2. Nc3 g6 3. e4 d6 4. d4 Bg7 5. f4 c5 6. d5 O-O 7. Nf3 e6 8. dxe6 Bxe6 9. Bd3 Bg4 10. h3 Bxf3 11. Qxf3 Nc6 12. O-O a6 13. Be3 Rb8 14. Rad1 Re8 15. Qf2 Qa5 16. Bb1 Rbd8 17. f5 Rf8 18. g4 h6 19. g5 hxg5 20. Bxg5 Rde8 21. Rxd6 Nh7 22. Be3 Ne5 23. Bxc5 Ng5 24. Kg2 Nxc4 25. Rd5 Qc7 26. f6 Bh6 27. Qh4 Kh7 28. Rxg5 Rh8 29. Rh5 Ne3+ 30. Bxe3 gxh5 31. e5+ Kg8 32. Qg3+ 1-0

[Event "Kupreichik Memorial Rapid 2019"]
[Site "Minsk"]
[Date "2019.08.16"]
[Round "6.4"]
[White "Pein, Malcolm"]
[Black "Sveshnikov, Evgeny"]
[Result "1/2-1/2"]
[ECO "A13"]
[WhiteElo "2312"]
[BlackElo "2483"]
[Annotator "ChessBase"]
[PlyCount "141"]
[EventDate "2019.08.15"]
[EventType "swiss"]
[EventCountry "BLR"]
[SourceTitle "playchess.com"]
[Source "ChessBase"]
[SourceQuality "1"]
[TimeControl "900+10"]

1. Nf3 d5 2. c4 e6 3. g3 dxc4 4. Qa4+ Bd7 5. Qxc4 c5 6. Bg2 Nc6 7. O-O Rc8 8. b3 Nf6 9. Bb2 Be7 10. Nc3 O-O 11. Ne4 Nxe4 12. Qxe4 Bf6 13. Bxf6 Qxf6 14. Rfc1 Rfd8 15. Rab1 b6 16. a3 e5 17. d3 Be6 18. Qa4 Qe7 19. b4 Nd4 20. Nxd4 cxd4 21. Qa6 Rc3 22. Rxc3 dxc3 23. Rc1 Rc8 24. Bd5 Rc7 25. Bc4 Bxc4 26. dxc4 Qd7 27. Rxc3 Qd1+ 28. Kg2 Qxe2 29. Re3 Qxc4 30. Rxe5 Qc6+ 31. Kg1 g6 32. Qe2 Qf6 33. Kg2 Kg7 34. h4 h5 35. Re8 Rc3 36. Re3 Rc1 37. Re7 Qc6+ 38. Qe4 Qxe4+ 39. Rxe4 Rc3 40. a4 Kf6 41. Kf1 Rc2 42. Ke1 a5 43. bxa5 bxa5 44. Rd4 Ke6 45. Re4+ Kd6 46. Kf1 Ra2 47. Kg2 f5 48. Re8 Rxa4 49. Rg8 Re4 50. Rxg6+ Re6 51. Rg5 Rf6 52. Rxh5 a4 53. Rh8 Kc5 54. Ra8 Kb4 55. Rb8+ Ka5 56. Kf3 a3 57. Rb1 Ka4 58. Kf4 a2 59. Ra1 Kb3 60. Kg5 Rf8 61. h5 Kb2 62. Rxa2+ Kxa2 63. h6 Kb3 64. Kg6 Kc4 65. h7 Kd3 66. Kg7 Ra8 67. h8=Q Rxh8 68. Kxh8 Ke2 69. Kg7 Kxf2 70. Kf6 Kxg3 71. Kxf5 1/2-1/2